 Dungeon Crawl Stone Soup version 0.19-a0-706-g03de5d9 (webtiles) character file.

163 tyrsky the Ruffian (level 5, -8/49 HPs)
             Began as a Naga Warper on June 19, 2016.
             Mangled by a gnoll
             ... wielding a +2 whip of electrocution
              (20 damage)
             ... on level 4 of the Dungeon.
             The game lasted 00:11:06 (4536 turns).

tyrsky the Ruffian (Naga Warper)                    Turns: 4536, Time: 00:11:06

Health: -8/49      AC:  4    Str: 14    XL:     5   Next: 44%
Magic:  6/8        EV: 10    Int: 15    God:
Gold:   123        SH:  0    Dex: 11    Spells: 2 memorised, 5 levels left

rFire  . . .     SeeInvis +       - Unarmed
rCold  . . .     Gourm    .     a - +0 leather armour
rNeg   . . .     Faith    .     (no shield)
rPois  +         Spirit   .     (no helmet)
rElec  .         Dismiss  .     (no cloak)
rCorr  .         Reflect  .     g - +0 pair of gloves
SustAt .         Harm     .     (no barding)
MR     .....                    (no amulet)
Stlth  +.........               (no ring)
                                d - +2 ring of intelligence

@: very slow, not resistant to hostile enchantments, very unstealthy
A: see invisible, deformed body, poison resistance, slowness 2, slow metabolism
1, spit poison 2, AC +1
a: Spit Poison


You were on level 4 of the Dungeon.
You were very hungry.

You visited 1 branch of the dungeon, and saw 4 of its levels.

You collected 123 gold pieces.

Inventory:

Armour
 a - a +0 leather armour (worn)
 g - a +0 pair of gloves (worn)
Jewellery
 d - a +2 ring of intelligence (left hand)
Scrolls
 c - a scroll of blinking
 i - a scroll of fog
 m - 2 scrolls of identify {@*1}
Potions
 e - a potion of brilliance
 k - a potion of degeneration
Books
 b - a book of Spatial Translocations

   Spells                             Type                      Level
   a - Apportation                    Translocation                1
   b - Blink                          Translocation                2
   c - Shroud of Golubria             Charms/Translocation         2
   d - Portal Projectile              Translocation                3
   e - Teleport Other                 Translocation                3
   f - Passage of Golubria            Translocation                4
Comestibles
 f - a bread ration
 h - 4 meat rations
 j - a beef jerky
 l - a royal jelly
 n - 2 fruits
 o - a chunk of flesh


   Skills:
 + Level 3.1 Fighting
 - Level 0.8 Throwing
 + Level 1.7 Armour
 + Level 2.7 Dodging
 + Level 3.4 Unarmed Combat
 - Level 2.0 Spellcasting
 - Level 3.0 Translocations


You had 5 spell levels left.
You knew the following spells:

 Your Spells              Type           Power        Failure   Level  Hunger
a - Apportation           Tloc           ##........   10%         1    #......
b - Blink                 Tloc           N/A          12%         2    ###....


Dungeon Overview and Level Annotations

Branches:
Dungeon (4/15)
 Temple: D:4-7

Altars:
Elyvilon
Hepliaklqana
Qazlal
Ru
Uskayaw
Xom
Yredelemnul


Innate Abilities, Weirdness & Mutations

You cannot wear boots.
Your serpentine skin is tough. (AC +1)
You have supernaturally acute eyesight. (SInv)
Armour fits poorly on your strangely shaped body.
Your system is resistant to poisons. (rPois)
You cover ground very slowly.
You have a slow metabolism.
You can spit poison.


Message History

Casting: Blink
Confirm with . or Enter, or press ? or * to list all spells.
You miscast Blink.
You are very lightly contaminated with residual magic.
Nothing appears to happen.
You are feeling very hungry.
The gnoll shouts!
The phantom blinks!
A worker ant comes into view.
Casting: Blink
Confirm with . or Enter, or press ? or * to list all spells.
You blink.
Your magical contamination has completely faded away.
The gnoll closely misses you.
The phantom blinks!
The gnoll hits you but does no damage. The gnoll closely misses you.
The gnoll hits you with a whip of electrocution!
* * * LOW HITPOINT WARNING * * *
You are electrocuted!
You die...

## .# # )##### # ##.
......g## #####
###..##<.. ...gW.##...
...##..# ###.....g
##..#..# ####....####
#...#N## #.).g#######
#.#.#g# ##..##g.....W.
###.#..g###..###.#######
#..÷........###.W# #
#..#.##..g#####..## ##
... #.##.#..## #.## ##§
# #.#..##..###.#######Z#
##...####..§..#.....##w
##...## ###W........###


You could see 3 gnolls.

Vanquished Creatures
  An orc priest (D:2)
  4 adders
  A worm (D:2)
  A dart slug (D:3)
  2 giant geckos
  3 orcs
  2 bats
  6 giant cockroaches
  9 goblins
  6 hobgoblins
  10 jackals
  A quokka (D:4)
  3 ball pythons
  7 giant newts
  19 kobolds
  12 rats
87 creatures vanquished.

Notes
Turn   | Place    | Note
--------------------------------------------------------------
     0 | D:1      | tyrsky the Naga Warper began the quest for the Orb.
     0 | D:1      | Reached XP level 1. HP: 19/19 MP: 3/3
    93 | D:1      | Reached XP level 2. HP: 5/26 MP: 5/5
   375 | D:1      | Reached skill level 1 in Armour
  1137 | D:1      | Reached XP level 3. HP: 30/32 MP: 6/6
  1460 | D:2      | Learned a level 2 spell: Blink
  1631 | D:2      | HP: 1/33 [kobold (2)]
  2177 | D:2      | Found a stormy altar of Qazlal.
  2326 | D:2      | Found a hide-covered altar of Uskayaw.
  2597 | D:2      | Found a basalt altar of Yredelemnul.
  2597 | D:2      | Found a sacrificial altar of Ru.
  2615 | D:2      | Reached XP level 4. HP: 40/40 MP: 7/7
  3795 | D:3      | Found a white marble altar of Elyvilon.
  3943 | D:3      | Reached XP level 5. HP: 31/49 MP: 8/8
  4455 | D:4      | Found a hazy altar of Hepliaklqana.
  4456 | D:4      | Found a shimmering altar of Xom.
  4456 | D:4      | Noticed a torpor snail
  4457 | D:4      | Noticed a spectral ugly thing
  4457 | D:4      | Noticed a torpor snail
  4465 | D:4      | Noticed a phantom
  4536 | D:4      | Mangled by a gnoll

Vault maps used:
D:1:      dpeg_arrival_stone_temple_mockup, st_stairs_10, minmay_cut_off
D:2:      lemuel_round_altar, grunt_qazlal_sundering,
          gammafunk_temple_overflow_statue
D:3:      hangedman_decor_opposing, elyvilon_altar_3
D:4:      regret_index_temple_of_mockery, lemuel_coloured_pillars_altar,
          first_bread

Skill      XL: |  1  2  3  4 |
---------------+-------------+-----
Armour         | 1 |  1.7
Dodging        | 2 |  2.7
Unarmed Combat | 3 |  3.4
Fighting       | 3 |  3.1
Throwing       | |  0.8
Spellcasting   | |  2.0
Translocations | |  3.0

Action                   |  1- 3 |  4- 6 || total
-------------------------+-------+-------++-------
Melee: Unarmed           |   200 |   307 ||   507
       Punch             |       |     4 ||     4
Throw: Tomahawk          |     5 |    12 ||    17
 Cast: Blink             |     4 |     6 ||    10
 Abil: Spit Poison       |     2 |     3 ||     5
  Use: Potion            |     2 |     2 ||     4
       Scroll            |       |    12 ||    12
  Eat: Chunk             |     4 |     5 ||     9
Armor: Leather armour    |    51 |   107 ||   158
       Skin              |       |     5 ||     5
Dodge: Dodged            |   103 |   184 ||   287
